 Dungeon Crawl Stone Soup version 0.31.0-11-ge490571c62 (webtiles) character file.

Game seed: 198656017566277865

189 qw the Shooter (level 5, 0/26 HPs)
             Began as a Spriggan Hunter on Feb 3, 2024.
             Slain by Grinder (8 damage)
             ... on level 3 of the Dungeon.
             The game lasted 00:00:07 (2321 turns).

qw the Shooter (Spriggan Hunter)                    Turns: 2321, Time: 00:00:08

Health: 0/26       AC:  2    Str:  7    XL:     5   Next: 40%
Magic:  6/6        EV: 20    Int: 11    God:
Gold:   76         SH:  0    Dex: 20    Spells: 4/4 levels left

rFire   . . .        a - +0 shortbow
rCold   . . .        (shield currently unavailable)
rNeg    . . .        c - +0 robe
rPois   .            (helmet restricted)
rElec   .            (no cloak)
rCorr   .            (gloves unavailable)
SInv    +            (boots unavailable)
Will    .....        (no amulet)
Stlth   ++           (no ring)
HPRegen 0.24/turn    (no ring)
MPRegen 0.10/turn

%: no passive effects
@: very quick
A: very small, no large weapons, unfitting armour, see invisible, speed 3
a: no special abilities


You were on level 3 of the Dungeon.
You visited 1 branch of the dungeon, and saw 3 of its levels.

You collected 76 gold pieces.


Innate Abilities, Weirdness & Mutations

You are very small and have problems with some larger weapons.
You are too small for most types of armour.
You have supernaturally acute eyesight. (SInv)
You cover ground extremely quickly. (Speed+++)


   Skills:
 - Level 2.0 Fighting
 + Level 5.6 Ranged Weapons
 - Level 5.0 Dodging
 - Level 1.5 Stealth


You had 4 spell levels left.
You didn't know any spells.
Your spell library was empty.

Inventory:

Hand Weapons
 a - a +0 shortbow (weapon)
Armour
 c - a +0 robe (worn)
Jewellery
 f - a +6 ring of dexterity
 m - a ring of fire
Wands
 n - a wand of flame (13) (quivered)
Scrolls
 b - a scroll of identify
 d - a scroll of enchant armour
 h - a scroll of vulnerability {unknown}
 k - a scroll of blinking {unknown}
Potions
 e - a potion of enlightenment
 g - a potion of haste {unknown}
 i - a potion of lignification {unknown}
 j - a potion of resistance {unknown}
 l - a potion of curing

Dungeon Overview and Level Annotations

Branches:
Dungeon (3/15)

Altars:

Annotations:
D:3 Grinder


Message History

Grinder is lightly wounded.
Grinder shouts!
2316 ||| ZAPPING wand of flame (19) at -2,5 (Grinder; floor).
Aiming: Throw Flame
Press: ? - help, Q - select action, (/) - cycle Shift-Dir - straight line, f/p - Grinder The puff of flame misses Grinder.
2317 ||| ZAPPING wand of flame (18) at -2,4 (Grinder; floor).
Aiming: Throw Flame
Press: ? - help, Q - select action, (/) - cycle Shift-Dir - straight line, f/p - Grinder The puff of flame hits Grinder!
Grinder is moderately wounded.
Grinder blinks!
2318 ||| ZAPPING wand of flame (17) at 1,-2 (Grinder; floor).
Aiming: Throw Flame
Press: ? - help, Q - select action, (/) - cycle Shift-Dir - straight line, f/p - Grinder The puff of flame hits Grinder.
Grinder is heavily wounded.
Grinder gestures at you. Pain shoots through your body!
Ouch! That really hurt!
2319 ||| ZAPPING wand of flame (16) at 1,-2 (Grinder; floor).
Aiming: Throw Flame
Press: ? - help, Q - select action, (/) - cycle Shift-Dir - straight line, f/p - Grinder The puff of flame hits Grinder.
Grinder is heavily wounded.
Grinder gestures at you. Pain shoots through your body!
2320 ||| ZAPPING wand of flame (15) at 1,-2 (Grinder; floor).
Aiming: Throw Flame
Press: ? - help, Q - select action, (/) - cycle Shift-Dir - straight line, f/p - Grinder The puff of flame hits Grinder.
Grinder is severely wounded.
2321 ||| ZAPPING wand of flame (14) at 0,-1 (Grinder; floor).
Aiming: Throw Flame
Press: ? - help, Q - select action, (/) - cycle Shift-Dir - straight line, f/p - Grinder The puff of flame hits Grinder.
Grinder is severely wounded.
Grinder hits you!
You die...
Grinder says, "Now the real fun starts!"

######.#.#.#(#.##.##.#
#......)...#.##.####
###.......#...#.....
#....>.....#.######
##...)...#.#...#
#.........####.#
##.......#.#...#
#.5........#.###
##@#.#.#.#...#
#.###.######## #. #.#
##### #.
#.#########.... ..
#.........).### .#
###########.# #. #.#
#. ########.# #
..(......# #


You could see Grinder.

Vanquished Creatures
  A gnoll bouda (D:3)
  Ijyb (D:3)
  2 adders
  5 gnolls (D:3)
  2 ribbon worms (D:3)
  4 dart slugs (D:1)
  3 ball pythons
  A bat (D:1)
  7 endoplasms
  4 goblins
  8 hobgoblins
  2 jackals (D:3)
  3 quokkas
  2 frilled lizards (D:1)
  9 kobolds
  4 rats
58 creatures vanquished.

Notes
Turn   | Place    | Note
-------+----------+-------------------------------------------
     0 | D:1      | qw the Spriggan Hunter began the quest for the Orb.
     0 | D:1      | Reached XP level 1. HP: 10/10 MP: 2/2
     0 | D:1      | 0 ||| qw: Version: 0.3-a-158-g18b3111
     0 | D:1      | 0 ||| qw: Game counter: 4066
     0 | D:1      | 0 ||| qw: Melee chars always use a shield: true
     0 | D:1      | 0 ||| qw: God list: Okawaru
     0 | D:1      | 0 ||| qw: Allow faded altars: false
     0 | D:1      | 0 ||| qw: Do Orc after clearing Dungeon:15 true
     0 | D:1      | 0 ||| qw: Do second Lair branch before Depths: true
     0 | D:1      | 0 ||| qw: Lair rune preference: random
     0 | D:1      | 0 ||| qw: Goals: Normal
     0 | D:1      | 0 ||| PLANNING D:1-11
    60 | D:1      | Reached skill level 3 in Dodging
    92 | D:1      | Found a faded altar of an unknown god.
    95 | D:1      | Reached XP level 2. HP: 14/14 MP: 3/3
   312 | D:1      | Reached XP level 3. HP: 18/18 MP: 4/4
   587 | D:1      | 587 ||| READING 2 scrolls labelled JIUGUO NOTU.
   587 | D:1      | 587 ||| IDENTIFYING fuming emerald potion
   588 | D:1      | 588 ||| READING scroll of identify.
   588 | D:1      | 588 ||| IDENTIFYING bubbling amethyst potion
   589 | D:1      | 589 ||| READING scroll labelled LEREUCK ELOHUE.
   590 | D:1      | 590 ||| READING 3 scrolls labelled ZUKHOGHOELE.
   593 | D:1      | 593 ||| READING 3 scrolls labelled REHAIXUWYPP.
   628 | D:1      | 628 ||| READING scroll labelled PATAX MEHULL.
   629 | D:1      | 629 ||| DROPPING scroll of butterflies.
   630 | D:1      | 630 ||| DROPPING potion of berserk rage.
   631 | D:1      | 631 ||| DROPPING potion of brilliance.
   632 | D:1      | 632 ||| DROPPING 2 scrolls of torment.
  1410 | D:2      | 1410 ||| READING scroll of identify.
  1410 | D:2      | 1410 ||| IDENTIFYING pink potion
  1411 | D:2      | 1411 ||| READING scroll labelled WIMAPN QISHRIG.
  1411 | D:2      | 1411 ||| ENCHANTING +0 shortbow.
  1412 | D:2      | 1412 ||| READING scroll labelled GIHYMM FUKLAT UTZ.
  1413 | D:2      | 1413 ||| DRINKING 2 black potions.
  1482 | D:3      | 1482 ||| RETREEEEATING.
  1484 | D:3      | 1484 ||| RETREEEEATING.
  1486 | D:3      | 1486 ||| RETREEEEATING.
  1493 | D:3      | 1493 ||| RETREEEEATING.
  1496 | D:3      | Reached XP level 4. HP: 12/22 MP: 5/5
  1502 | D:3      | HP: 2/22 [gnoll/+0 halberd[a gnoll bouda] (12)]
  1503 | D:3      | 1503 ||| READING 2 scrolls of teleportation.
  1511 | D:3      | 1511 ||| READING scroll of teleportation.
  1836 | D:3      | Reached XP level 5. HP: 26/26 MP: 6/6
  1889 | D:3      | 1889 ||| FLEEEEING.
  2020 | D:3      | HP: 6/26 [gnoll/+0 halberd[a gnoll bouda] (10)]
  2021 | D:3      | HP: 1/26 [gnoll/+0 halberd[a gnoll bouda] (6)]
  2209 | D:3      | Noticed Ijyb
  2218 | D:3      | Killed Ijyb
  2314 | D:3      | Noticed Grinder
  2315 | D:3      | 2315 ||| ZAPPING wand of flame (20) at -2,6 (Grinder;
                  | floor).
  2316 | D:3      | 2316 ||| ZAPPING wand of flame (19) at -2,5 (Grinder;
                  | floor).
  2317 | D:3      | 2317 ||| ZAPPING wand of flame (18) at -2,4 (Grinder;
                  | floor).
  2318 | D:3      | 2318 ||| ZAPPING wand of flame (17) at 1,-2 (Grinder;
                  | floor).
  2319 | D:3      | 2319 ||| ZAPPING wand of flame (16) at 1,-2 (Grinder;
                  | floor).
  2320 | D:3      | 2320 ||| ZAPPING wand of flame (15) at 1,-2 (Grinder;
                  | floor).
  2321 | D:3      | 2321 ||| ZAPPING wand of flame (14) at 0,-1 (Grinder;
                  | floor).
  2321 | D:3      | Slain by Grinder

Levels and vault maps discovered:
D:1:      sevenhm_arrival_forest_fort_small_4, layout_basic,
          shapermc_ecumenical_altar_venn, lemuel_flame_loot_1
D:2:      layout_basic, kennysheep_generic_room_15
D:3:      layout_loops_ring, st_stairs_4, chequers_arboretum, uniq_ijyb,
          uniq_grinder

Skill      XL: |  1  2  3  4 |
---------------+-------------+-----
Dodging        | 3 4 5 |  5.0
Ranged Weapons | 5 |  5.6
Fighting       | 2 |  2.0
Stealth        | |  1.5

Action                     |  1- 3 |  4- 6 || total
---------------------------+-------+-------++-------
   Fire: Shortbow          |    81 |    67 ||   148
  Evoke: Wand              |       |     7 ||     7
    Use: Scroll            |     9 |     2 ||    11
         Potion            |     1 |       ||     1
 Armour: Robe              |     4 |    10 ||    14
  Dodge: Dodged            |    23 |    25 ||    48

Table legend:
 A = Non-vault XP
 B = Vault XP
 C = Vault XP percentage of total XP
 D = Non-vault monster count
 E = Vault monster count
 F = Vault count percentage of total count
                 A         B        C        D         E       F
            +---------+---------+-------+---------+---------+-------
      Total |     231 |      39 |  14.4 |      55 |       3 |   5.2
            +---------+---------+-------+---------+---------+-------
        D:1 |      56 |       0 |   0.0 |      28 |       0 |   0.0
        D:2 |      30 |       0 |   0.0 |      11 |       0 |   0.0
        D:3 |     145 |      39 |  21.2 |      16 |       3 |  15.8
            +---------+---------+-------+---------+---------+-------
